 Dungeon Crawl Stone Soup version 0.30-b1-2-g02819fbbbe (webtiles) character file.

Game seed: 13272792947355003614

84 Mehrius the Sneak (level 4, -3/21 HPs)
             Began as a Spriggan Enchanter on July 3, 2023.
             Slain by Natasha (7 damage)
             ... on level 2 of the Dungeon.
             The game lasted 00:06:18 (1305 turns).

Mehrius the Sneak (Spriggan Enchanter)              Turns: 1305, Time: 00:06:20

Health: -3/21      AC:  2    Str:  4    XL:     4   Next: 23%
Magic:  9/9        EV: 18    Int: 14    God:
Gold:   113        SH:  0    Dex: 17    Spells: 6/8 levels left

rFire   . . .        g - +0 dagger (venom)
rCold   . . .        (no shield)
rNeg    . . .        b - +0 robe
rPois   .            (helmet restricted)
rElec   .            (no cloak)
rCorr   .            (gloves unavailable)
SInv    +            (boots unavailable)
Will    .....        (no amulet)
Stlth   +++          (no ring)
HPRegen 0.23/turn    (no ring)
MPRegen 0.11/turn

%: no passive effects
@: very quick
A: very small, no large weapons, unfitting armour, see invisible, speed 3, dopey
1, teleportitis 1, evolution 1, MP-powered wands
a: no special abilities


You were on level 2 of the Dungeon.
You visited 1 branch of the dungeon, and saw 2 of its levels.

You collected 113 gold pieces.

Inventory:

Hand Weapons
 g - a +0 dagger of venom (weapon)
Missiles
 o - 5 poisoned darts (quivered)
Armour
 b - a +0 robe (worn)
 p - a +0 buckler
Jewellery
 n - a ring of fire
Scrolls
 a - a scroll of poison {unknown}
 d - a scroll of amnesia {unknown}
 e - 3 scrolls of blinking {unknown}
 f - 2 scrolls of identify {unknown}
 i - a scroll of immolation {unknown}
 l - a scroll of noise {unknown}
 q - a scroll of enchant weapon {unknown}
Potions
 c - 2 potions of invisibility
 h - a potion of attraction {unknown}
 j - a potion of cancellation {unknown}


   Skills:
 + Level 0.3 Fighting
 * Level 2.3 Short Blades
 * Level 3.3 Dodging
 * Level 6.0 Stealth
 * Level 2.9 Spellcasting
 * Level 4.0 Hexes


You had 6 spell levels left.
You knew the following spells:

 Your Spells              Type           Power      Damage    Failure   Level
a - Ensorcelled Hibernat  Hex/Ice        14%        N/A       14%         2

Your spell library contained the following spells:

 Spells                   Type           Power      Damage    Failure   Level
 Confusing Touch          Hex            13%        N/A       13%         3
 Tukima's Dance           Hex            13%        N/A       13%         3
 Dazzling Flash           Conj/Hex       14%        N/A       28%         3
 Volatile Blastmotes      Fire/Tloc      4%         2d10      54%         3
 Iskenderun's Mystic Bla  Conj/Tloc      2%         2d3       91%         4
 Starburst                Conj/Fire      1%         6d3       100%        6


Dungeon Overview and Level Annotations

Branches:
Dungeon (2/15)

Altars:
Vehumet

Annotations:
D:2 Natasha


Innate Abilities, Weirdness & Mutations

You are very small and have problems with some larger weapons.
You are too small for most types of armour.
You have supernaturally acute eyesight. (SInv)
You cover ground extremely quickly. (Speed+++)
You are dopey. (Int -2)
You are occasionally teleported next to monsters.
You have hidden genetic potential.
You expend magic power (3 MP) to strengthen your wands.


Message History

Natasha stares at you and mumbles some strange words.
The magic dart hits you!
You start resting.
Natasha is nearby!
You see here the felid corpse of Natasha.
You start resting.
Natasha is nearby!
Natasha mumbles some strange words.
You hit Natasha.
Natasha is poisoned.
Natasha is lightly wounded.
You closely miss Natasha.
Natasha is lightly wounded.
The cerulean imp hits you with a +2 spear.
Natasha drinks a potion.
Natasha is healed!
Natasha looks more healthy.
You hit Natasha but do no damage.
The cerulean imp hits you with a +2 spear.
Natasha completely misses you.
You hit Natasha but do no damage.
Natasha is poisoned.
The cerulean imp misses you. Natasha misses you.
You hit Natasha.
Natasha looks as sick as possible!
Natasha is lightly wounded.
The cerulean imp barely misses you. Natasha casts a spell at you.
The magic dart hits you.
* * * LOW HITPOINT WARNING * * *
You feel better. The cerulean imp closely misses you. Natasha misses you.
You closely miss Natasha.
Natasha is moderately wounded.
The cerulean imp barely misses you. Natasha casts a spell at you.
The magic dart hits you!
* * * LOW HITPOINT WARNING * * *
It was a potion of mutation.
You feel extremely strange.
You feel stupid.
You feel weirdly uncertain.
You feel a hidden potential growing inside you.
You feel your magical essence link to the dungeon's wands.
The cerulean imp hits you with a +2 spear.
* * * LOW HITPOINT WARNING * * *
Natasha claws you!
You die...

#....#...+.5..........#
#..# #.5.#............#
#. #...####+#5......#
..h.####.#.......#
#....#............#
#..K.#.##.##[h....#
#....#.##.##......#
#†##.........#
#@##...#+##### #5h..#.#
####.#.# #.#.. #.##..
#.. .._ #.. ... #.##
#.#


You could see Natasha (very poisoned) and a cerulean imp (summoned).

Vanquished Creatures
  Natasha (D:2)
  A gnoll (D:1)
  An adder (D:2)
  A worm (D:2)
  A dart slug (D:2)
  5 ball pythons
  4 bats
  An endoplasm (D:1)
  A giant cockroach (D:1)
  5 goblins
  2 hobgoblins (D:1)
  6 kobolds
  4 frilled lizards
  3 rats (D:1)
36 creatures vanquished.

Notes
Turn   | Place    | Note
-------+----------+-------------------------------------------
     0 | D:1      | Mehrius the Spriggan Enchanter began the quest for the Orb.
     0 | D:1      | Reached XP level 1. HP: 9/9 MP: 5/5
   222 | D:1      | Reached skill level 5 in Stealth
   222 | D:1      | Reached XP level 2. HP: 13/13 MP: 6/6
   405 | D:1      | Reached XP level 3. HP: 16/16 MP: 8/8
  1116 | D:2      | Learned a level 2 spell: Ensorcelled Hibernation
  1129 | D:2      | Noticed Natasha
  1142 | D:2      | Found a radiant altar of Vehumet.
  1279 | D:2      | Killed Natasha
  1280 | D:2      | Reached skill level 6 in Stealth
  1280 | D:2      | Reached XP level 4. HP: 20/21 MP: 9/9
  1288 | D:2      | Noticed Natasha
  1305 | D:2      | Gained mutation: You are dopey. (Int -2) [potion of
                  | mutation]
  1305 | D:2      | Gained mutation: You are occasionally teleported next to
                  | monsters. [potion of mutation]
  1305 | D:2      | Gained mutation: You have hidden genetic potential. [potion
                  | of mutation]
  1305 | D:2      | Gained mutation: You expend magic power (3 MP) to
                  | strengthen your wands. [potion of mutation]
  1305 | D:2      | Slain by Natasha

Illustrated notes

Levels and vault maps discovered:
D:1:      saegor_arrival_fortress, layout_rooms
D:2:      layout_basic, basic_altar, st_stairs_12, hangedman_feature_mirror,
          chequers_serial_rivers_marsh, uniq_natasha, uniq_crazy_yiuf_cottage

Skill      XL: |  1  2  3 |
---------------+----------+-----
Stealth        | 5 6 |  6.0
Dodging        | 3 |  3.3
Short Blades   | 2 |  2.3
Hexes          | 4 |  4.0
Fighting       | |  0.3
Spellcasting   | |  2.9

Action                     |  1- 3 |  4- 6 || total
---------------------------+-------+-------++-------
  Melee: Dagger            |    98 |     6 ||   104
         Punch             |     1 |       ||     1
    Use: Potion            |       |     2 ||     2
   Stab: Sleeping          |     8 |       ||     8
         Distracted        |     1 |       ||     1
 Armour: Robe              |     5 |       ||     5
  Dodge: Dodged            |    67 |     7 ||    74
